 Dungeon Crawl Stone Soup version 0.17.1-2-g5865329 (webtiles) character file.

19 Jerry the Stinger (level 2, -6/17 HPs)
             Began as an Octopode Venom Mage on Jan 27, 2016.
             Mangled by a gnoll
             ... wielding a +0 club
              (9 damage)
             ... on level 1 of the Dungeon.
             The game lasted 00:06:54 (1289 turns).

Jerry the Stinger (Octopode Venom Mage)             Turns: 1289, Time: 00:06:54

Health: -6/17      AC:  1    Str:  7    XL:     2   Next: 75%
Magic:  2/5        EV: 12    Int: 17    God:
Gold:   19         SH:  0    Dex: 12    Spells: 1 memorised, 4 levels left

rFire  . . .     SeeInvis .     n - +0 hand axe
rCold  . . .     Clarity  .     (no shield)
rNeg   . . .     SustAt   .     (helmet restricted)
rPois  .         Gourm    .     i - amulet of resist mutation
rElec  .         Spirit   .     (no ring)
rCorr  .         Warding  .     (no ring)
rMut   +         Stasis   .     (no ring)
MR     .....                    (no ring)
Stlth  +++.......               (no ring)
                                (no ring)
                                (no ring)
                                (no ring)

@: very slightly contaminated, not resistant to hostile enchantments, fairly
stealthy
A: almost no armour, amphibious, 8 rings, constrict 8, camouflage 1, gelatinous
body 1
a: no special abilities


You were on level 1 of the Dungeon.
You were near starving.

You visited 1 branch of the dungeon, and saw 2 of its levels.

You collected 19 gold pieces.

Inventory:

Hand Weapons
 d - a +0 dagger
 n - a +0 hand axe (weapon)
Jewellery
 i - an amulet of resist mutation (around mantle)
Scrolls
 e - a scroll of recharging {unknown}
 h - a scroll of remove curse {unknown}
 j - 2 scrolls of identify {unknown}
 k - a scroll of magic mapping {unknown}
 l - a scroll of enchant weapon {unknown}
Potions
 c - 2 potions of curing {unknown}
 g - a potion of degeneration {unknown}
 m - a potion of might {unknown}
Books
 a - a Young Poisoner's Handbook

   Spells                             Type                      Level
   a - Sting                          Conjuration/Poison           1
   b - Cure Poison                    Poison                       2
   c - Mephitic Cloud                 Conjuration/Poison/Air       3
   d - Olgreb's Toxic Radiance        Poison                       4
   e - Venom Bolt                     Conjuration/Poison           5
Comestibles
 b - 2 bread rations
 f - a beef jerky


   Skills:
 + Level 2.3 Dodging
 - Level 2.6 Stealth
 + Level 2.3 Spellcasting
 + Level 1.0 Conjurations
 + Level 5.0 Poison Magic


You had 4 spell levels left.
You knew the following spells:

 Your Spells              Type           Power        Failure   Level  Hunger
a - Sting                 Conj/Pois      ##..         6%          1    #......


Dungeon Overview and Level Annotations

Branches:
Dungeon (2/15)

Altars:


Innate Abilities, Weirdness & Mutations

You cannot wear most types of armour.
You are amphibious.
You can wear up to eight rings at the same time.
You can use your tentacles to constrict eight enemies at once.
Your skin changes colour to match your surroundings (Stealth).
Your rubbery body absorbs attacks (AC +1).


Message History

The gnoll hits you with a club!
* * * LOW HITPOINT WARNING * * *
Casting: Sting
Confirm with . or Enter, or press ? or * to list all spells.
Aiming: Sting
Press: ? - help, Shift-Dir - straight line, f/p - gnoll
Aim: a gnoll, wielding a club (lightly wounded)
You miscast Sting.
You are very lightly contaminated with residual magic.
You feel mildly nauseous.
Casting: Sting
Confirm with . or Enter, or press ? or * to list all spells.
Aiming: Sting
Press: ? - help, Shift-Dir - straight line, f/p - gnoll
Aim: a gnoll, wielding a club (lightly wounded)
The sting hits the gnoll.
The gnoll is poisoned.
The gnoll is moderately wounded.
The gnoll hits you with a club!
Ouch! That really hurt!
You die...

###'#####..#.##.##.# #.#......
#)# #..#..#.##.# #.#.##### #.#
#..##.#..#+# #.#.# #.#
#..........# #.#.#
#.#####.###....### #.#.#
####.##...........# #.#.#
.....##.###.......# #.#.#
#....##.# ##.#..g.# #.#.#
#....##.####.#.(@.# #.#.#
#............#....# #.#.#####
#...###.####...##.# #.#......
......#.........#.# ###.#######
......#.#######.#.#####.........#
......#.# #.#.........#####.#
......### #.#...............#
......# #.#.#####.#########
......# #.#.# #.#


You could see a gnoll.

Vanquished Creatures
  2 bats (D:1)
  A giant cockroach (D:1)
  2 goblins (D:1)
  4 hobgoblins (D:1)
  3 kobolds
  A giant newt (D:1)
  5 rats
  2 plants (D:1)
20 creatures vanquished.

Notes
Turn   | Place    | Note
--------------------------------------------------------------
     0 | D:1      | Jerry the Octopode Venom Mage began the quest for the Orb.
     0 | D:1      | Reached XP level 1. HP: 11/11 MP: 3/3
   156 | D:1      | Reached XP level 2. HP: 13/17 MP: 5/5
   266 | D:1      | Reached skill level 5 in Poison Magic
  1031 | D:2      | Reached skill level 1 in Conjurations
  1289 | D:1      | Mangled by a gnoll

Action                   || total
-------------------------++-------
Melee: Dagger            ||    98
       Hand axe          ||     6
 Cast: Sting             ||    23
 Stab: Sleeping          ||     1
